 Dungeon Crawl Stone Soup version 0.22-a0-430-g6609fc6 (webtiles) character file.

20 Gorglomux the Ducker (level 2, -1/16 HPs)
             Began as a Spriggan Berserker on May 27, 2018.
             Was a Follower of Ashenzari.
             Slain by a black bear (9 damage)
             ... created by the rage of Trog
             ... on level 2 of the Dungeon.
             The game lasted 00:01:37 (534 turns).

Gorglomux the Ducker (Spriggan Berserker)            Turns: 534, Time: 00:01:38

Health: -1/16      AC: -1    Str: 13    XL:     2   Next: 58%
Magic:  3/3        EV: 19    Int:  8    God:    Ashenzari [*.....]
Gold:   44         SH:  0    Dex: 15    Spells: 1/1 levels left

rFire    . . .     SeeInvis +   a - +0 short sword
rCold    . . .     Gourm    .   (shield restricted)
rNeg     . . .     Faith    .   b - +0 animal skin
rPois    .         Spirit   .   (helmet restricted)
rElec    .         Reflect  .   (no cloak)
rCorr    .         Harm     .   (gloves unavailable)
MR       .....                  (boots unavailable)
Stlth    +++.......             (no amulet)
HPRegen  0.05/turn              d - -3 ring of protection (curse)
MPRegen  0.08/turn              (no ring)

@: very quick
A: very small, unfitting armour, see invisible, herbivore, speed 3, slow
metabolism 2
a: Curse Item, Scrying, Renounce Religion


You were on level 2 of the Dungeon.
You worshipped Ashenzari.
Ashenzari was aware of your devotion.
You were not hungry.

You visited 1 branch of the dungeon, and saw 3 of its levels.

You collected 44 gold pieces.

Inventory:

Hand Weapons
 a - a +0 short sword (weapon)
 q - a +0 blowgun
Missiles
 r - 5 poisoned needles
Armour
 b - a +0 animal skin (worn)
Jewellery
 d - a cursed -3 ring of protection (left hand)
Scrolls
 f - a scroll of amnesia {unknown}
Potions
 e - a potion of curing {unknown}
Comestibles
 c - 3 rations


   Skills:
 - Level 2.4 Fighting
 - Level 3.2 Short Blades
 - Level 4.4 Dodging
 + Level 3.9 Stealth


You had one spell level left.
You didn't know any spells.
Your spell library was empty.

Dungeon Overview and Level Annotations

Branches:
Dungeon (3/15)

Altars:
Ashenzari


Innate Abilities, Weirdness & Mutations

You are very small and have problems with some larger weapons.
You are too small for most types of armour.
You have supernaturally acute eyesight. (SInv)
You are a herbivore.
You cover ground extremely quickly.
You need to consume almost no food.


Message History

You barely miss the butt lizard! The bat hits you!
The frilled lizard barely misses butt!
You barely miss the bat!
The bat is moderately wounded!
The bat completely misses you! The bat misses you!
You miss the bat!
The bat is moderately wounded!
The bat closely misses you! The frilled lizard barely misses you!
Trog butts monsters to punish you!
A butt bear and 2 black bears come into view!
You barely miss the frilled butt! The bat barely misses you!
The frilled lizard closely misses you!
You miss the frilled lizard! The bat completely misses you!
The frilled lizard misses you! The butt hits you!
Unknown command!
You are too injured to fight recklessly!!!
You barely miss the frilled lizard! The bat closely misses you!
The black bear bites you!!!
DANG rip

# .### .#.. ...
#####.#### ........
#?.h#####.#
######.h@......#
#......blh.....#
#.####.#<.......
#########.####.#.#######
.............(......l.
...######.####.#.#####
...######.# #.###
...'....... ...
...######.## ##.#


You could see a polar bear (berserk), 2 black bears, a bat and a frilled lizard.

Vanquished Creatures
  An adder (D:3)
  A dart slug (D:3)
  A giant cockroach (D:2)
  3 goblins
  2 kobolds
8 creatures vanquished.

Notes
Turn   | Place    | Note
-------+----------+-------------------------------------------
     0 | D:1      | Gorglomux the Spriggan Berserker began the quest for the Orb.
     0 | D:1      | Reached XP level 1. HP: 11/11 MP: 2/2
     0 | D:1      | Fell from the grace of Trog
    95 | D:3      | Reached skill level 3 in Stealth
    95 | D:3      | Reached XP level 2. HP: 16/16 MP: 3/3
   125 | D:3      | Found a faded altar of an unknown god.
   134 | D:3      | Became a worshipper of Ashenzari the Shackled
   134 | D:3      | Reached * piety under Ashenzari
   532 | D:2      | Noticed a polar bear
   532 | D:2      | Noticed a black bear
   532 | D:2      | Noticed a black bear
   534 | D:2      | Slain by a black bear

Vault maps used:
D:1:      roderic_dead_forest
D:2:      st_stairs_4
D:3:      chequers_ecumenical_altar_simple, gup_sewer_entry_pipe, first_ration,
          st_stairs_9, grunt_decor_clamped, kennysheep_generic_room_6

Skill      XL: |  1 |
---------------+----+-----
Stealth        | 3 |  3.9
Fighting       | |  2.4
Short Blades   | |  3.2
Dodging        | |  4.4

Action                   || total
-------------------------++-------
Melee: Short sword       ||    36
Invok: Renounce Religion ||     1
 Stab: Sleeping          ||     2
       Distracted        ||     1
Dodge: Dodged            ||    36

Table legend:
 A = Spawn XP
 B = Non-spawn XP
 C = Spawn XP percentage of total XP
 D = Spawn monster count
 E = Non-spawn monster count
 F = Spawn count percentage of total count
 G = Total turns spent on level
                    A         B        C        D         E        F      G
               +---------+---------+-------+---------+---------+-------+---------
         Total |       0 |      29 |   0.0 |       0 |       8 |   0.0 |   534
               +---------+---------+-------+---------+---------+-------+---------
           D:2 |       0 |       8 |   0.0 |       0 |       4 |   0.0 |   392
           D:3 |       0 |      21 |   0.0 |       0 |       4 |   0.0 |   133
               +---------+---------+-------+---------+---------+-------+---------
